 Dungeon Crawl Stone Soup version 0.25.1-9-gc5326a611f (webtiles) character file.

Game seed: 11233205973948908248

21 Clowwww the Caller (level 2, 11/15 HPs)
             Began as a Deep Elf Summoner on Dec 31, 2020.
             Quit the game on level 2 of the Dungeon.
             The game lasted 00:02:54 (1469 turns).

Clowwww the Caller (Deep Elf Summoner)              Turns: 1469, Time: 00:02:54

Health: 11/15      AC:  2    Str:  5    XL:     2   Next: 65%
Magic:  4/8        EV: 13    Int: 19    God:
Gold:   14         SH:  0    Dex: 15    Spells: 4/7 levels left

rFire    . . .     SeeInvis .   (no weapon)
rCold    . . .     Gourm    .   (no shield)
rNeg     . . .     Faith    .   a - +0 robe
rPois    .         Spirit   .   (no helmet)
rElec    .         Reflect  .   (no cloak)
rCorr    .         Harm     .   (no gloves)
MR       .....                  (no boots)
Stlth    ++........             (no amulet)
HPRegen  0.05/turn              (no ring)
MPRegen  0.11/turn              (no ring)

@: no status effects
A: no striking features
a: no special abilities


You were on level 2 of the Dungeon.
You were very hungry.

You visited 1 branch of the dungeon, and saw 2 of its levels.

You collected 14 gold pieces.

Inventory:

Armour
 a - a +0 robe (worn)
Jewellery
 g - a cursed ring of teleportation {unknown}
Scrolls
 b - 2 scrolls of identify {unknown}
 f - 2 scrolls of amnesia {unknown}
 h - a scroll of random uselessness {unknown}
Potions
 d - a potion of degeneration {unknown}
 e - a potion of cancellation {unknown}
 i - a potion of berserk rage {unknown}
Comestibles
 c - 2 rations


   Skills:
 + Level 2.4 Dodging
 + Level 2.4 Stealth
 + Level 0.4 Unarmed Combat
 + Level 3.2 Spellcasting
 + Level 5.1 Summonings


You had 4 spell levels left.
You knew the following spells:

 Your Spells              Type           Power        Failure   Level  Hunger
a - Summon Small Mammal   Summ           ###.         1%          1    None
b - Call Imp              Summ           ###.....     2%          2    ##.....

Your spell library contained the following spells:

 Spells                   Type           Power        Failure   Level  Hunger
 Call Canine Familiar     Summ           ###.....     5%          3    ###....
 Summon Guardian Golem    Hex/Summ       ##......     16%         3    ###....
 Summon Ice Beast         Ice/Summ       ##......     45%         4    ####...
 Summon Lightning Spire   Summ/Air       ##......     45%         4    ####...


Dungeon Overview and Level Annotations

Branches:
Dungeon (2/15)

Altars:


Message History

The dart slug barely misses your crimson imp.
The adder bites your white imp.
Your crimson imp blinks!
Your crimson imp hits the dart slug.
Your white imp hits the adder.
Your white imp freezes the adder.
The adder seems to slow down.
The adder dies!
Your Summonings skill increases to level 5!
Your crimson imp hits the dart slug.
The dart slug barely misses your crimson imp.
Your crimson imp hits the dart slug.
Your white imp hits the dart slug.
Your white imp freezes the dart slug.
The dart slug launches a dart at your crimson imp.
The slug dart hits your crimson imp.
Your crimson imp hits the dart slug.
The dart slug dies!
A frilled lizard comes into view.
Your crimson imp blinks!
A frilled lizard is nearby!
Okay, then.
Are you sure you want to abandon this character and quit the game? (Confirm with "yes".)

....l# ....# +#
...###.# #......#
#### #......#
.....#......#
............#
.......@)...#
...5...55..######
#####....<.......
#.#+#†#.##### #.
#.#[# #. #.#.# #
..# # #.# ###


You could see a frilled lizard, 2 friendly crimson imps and a friendly white imp
(summoned).

Vanquished Creatures
  A dart slug (D:1)
  A goblin (D:1)
2 creatures vanquished.

Vanquished Creatures (collateral kills)
  An adder (D:2)
  2 dart slugs
  A leopard gecko (D:1)
  A giant cockroach (D:1)
  A goblin (D:1)
  3 hobgoblins
  4 kobolds (D:1)
  2 frilled lizards (D:1)
  2 rats (D:1)
17 creatures vanquished.

Grand Total: 19 creatures vanquished

Notes
Turn   | Place    | Note
-------+----------+-------------------------------------------
     0 | D:1      | Clowwww the Deep Elf Summoner began the quest for the Orb.
     0 | D:1      | Reached XP level 1. HP: 10/10 MP: 6/6
   597 | D:1      | Reached XP level 2. HP: 15/15 MP: 4/8
   601 | D:1      | Learned a level 2 spell: Call Imp
  1456 | D:2      | Reached skill level 5 in Summonings
  1469 | D:2      | Quit the game

Illustrated notes

Levels and vault maps discovered:
D:1:      moated_graveyard_arrival, layout_basic
D:2:      layout_basic, uniq_sigmund

Skill      XL: |  1  2 |
---------------+-------+-----
Summonings     | 5 |  5.1
Dodging        | |  2.4
Stealth        | |  2.4
Unarmed Combat | |  0.4
Spellcasting   | |  3.2

Action                   || total
-------------------------++-------
Melee: Unarmed           ||    16
 Cast: Summon Small Mamm ||    23
       Call Imp          ||    15
  Eat: Chunk             ||     1
Armor: Robe              ||     3
Dodge: Dodged            ||    20
